 Dungeon Crawl Stone Soup version 0.30-a0-585-g93115170b9 (webtiles) character file.

Game seed: 9659041326046624916

2 Angani the Conjurer (level 1, -1/17 HPs)
             Began as a Draconian Reaver on Jan 3, 2023.
             Slain by a kobold
             ... wielding a +0 dagger of electrocution
              (17 damage)
             ... on level 1 of the Dungeon.
             The game lasted 00:00:41 (166 turns).

Angani the Conjurer (Draconian Reaver)               Turns: 166, Time: 00:00:42

Health: -1/17      AC:  4    Str: 14    XL:     1   Next: 33%
Magic:  3/3        EV: 12    Int: 13    God:
Gold:   14         SH:  0    Dex:  9    Spells: 3/4 levels left

rFire   . . .      SeeInvis .    a - +0 short sword
rCold   . . .      Faith    .    c - orb {*Rage}
rNeg    . . .      Spirit   .    (body armour unavailable)
rPois   .          Reflect  .    (helmet restricted)
rElec   .          Harm     .    (no cloak)
rCorr   .          Rampage  .    (no gloves)
Will    .....      Rage     20%  (no boots)
Stlth   +                        (no amulet)
HPRegen 0.22/turn                (no ring)
MPRegen 0.08/turn                (no ring)

@: no status effects
A: AC +4, unfitting armour, cold-blooded
a: no special abilities


You were on level 1 of the Dungeon.
You visited 1 branch of the dungeon, and saw 1 of its levels.

You collected 14 gold pieces.

Inventory:

Hand Weapons
 a - a +0 short sword (weapon)
Armour
 c - an orb of wrath (worn)
Jewellery
 e - a ring of fire
Scrolls
 d - a scroll of poison {unknown}
Potions
 b - a potion of might {unknown}


   Skills:
 + Level 2.2 Fighting
 + Level 3.0 Short Blades
 - Level 1.7 Dodging
 - Level 2.0 Spellcasting
 - Level 3.0 Conjurations
 + Level 0.2 Necromancy


You had 3 spell levels left.
You knew the following spells:

 Your Spells              Type           Power      Damage    Failure   Level
a - Kiss of Death         Conj/Necr      20%        2d7       13%         1

Your spell library contained the following spells:

 Spells                   Type           Power      Damage    Failure   Level
 Momentum Strike          Conj/Tloc      10%        3d8       21%         2
 Hailstorm                Conj/Ice       5%         3d4       38%         3


Dungeon Overview and Level Annotations

Branches:
Dungeon (1/15)

Altars:


Innate Abilities, Weirdness & Mutations

Your plain brown scales are hard. (AC +4)
You cannot fit into any form of body armour.
You are cold-blooded and may be slowed by cold attacks.


Message History

You feel yourself speed up.
You see here a +0 hand axe.
You now have 4 gold pieces.
You see here a +0 hand axe.
There is an open door here.
Things that are here:
a +0 whip; 3 stones; a kobold corpse You recover from your berserk rage.
d - a scroll labelled QOIHICSEASK A frilled lizard comes into view.
Found a diamond ring.
The frilled lizard hisses angrily.
A frilled lizard is nearby!
The frilled lizard closely misses you.
You closely miss the frilled lizard.
The frilled lizard bites you but does no damage.
You barely miss the frilled lizard.
Your tail-slap misses the frilled lizard.
The frilled lizard bites you but does no damage.
You hit the frilled lizard. You tail-slap the frilled lizard.
You kill the frilled lizard!
No target in view!
e - a ring of fire
Okay, then.
You now have 14 gold pieces (gained 10).
A kobold comes into view.
It is wielding a +0 dagger of electrocution.
The kobold shouts!
You hear an angry hiss.
A ball python comes into view.
The ball python hisses angrily.
A kobold comes into view. It is wielding a +0 dagger.
The kobold shouts!
A ball python comes into view.
Found 10 gold pieces.
The ball python hisses angrily.
The kobold hits you with a +0 dagger of electrocution.
The ball python moves out of view.
You hit the ball python but do no damage.
The kobold hits you but does no damage.
You are electrocuted!
Ouch! That really hurt!
You die...

####.#...##. . ..
.........#...#.. #.##.
.#..............
##.#..##.#..####.....#..
$.................#..#..
##......................
......K.....####.....#..
#....SK.#..# #..##.#.#
#@.#..####..##.#.#
#..#.............#
#..#.######.##...#
#.##.######.##...#
#.##.............#
#......####......#
######.# #####..# #.#
#..# #######.########..#


You could see a ball python and 2 kobolds.

Vanquished Creatures
  An endoplasm (D:1)
  A frilled lizard (D:1)
  A kobold (D:1)
3 creatures vanquished.

Notes
Turn   | Place    | Note
-------+----------+-------------------------------------------
     0 | D:1      | Angani the Draconian Reaver began the quest for the Orb.
     0 | D:1      | Reached XP level 1. HP: 17/17 MP: 3/3
   166 | D:1      | Slain by a kobold

Illustrated notes

Levels and vault maps discovered:
D:1:      erik_arrival_cave_to_civilisation [erik_arrival_cave_to_hall],
          layout_basic, nicolae_figureground_sparkle

Action                   || total
-------------------------++-------
Melee: Short sword       ||    11
       Tailslap          ||     1
Armor: Skin              ||     4
Dodge: Dodged            ||     5

Table legend: (Time is in decaauts)
 A = Elapsed time spent in this place.
 B = Non-inter-level travel time spent in this place.
 C = Inter-level travel time spent in this place.
 D = Time resting spent in this place.
 E = Time spent auto-exploring this place.
 F = Levels seen in this place.
 G = Mean time per level.
                   A        B        C        D        E       F      G
               +--------+--------+--------+--------+--------+-----+--------+
         Total |    174 |    174 |      0 |     37 |    104 |   1 |  174.0 |
       Dungeon |    174 |    174 |      0 |     37 |    104 |   1 |  174.0 |
               +--------+--------+--------+--------+--------+-----+--------+

Top non-repeatable levels by time:
     D:1: 174 daAuts
